 Dungeon Crawl Stone Soup version 0.28.0-45-g0d030f2227 (webtiles) character file.

Game seed: 5339755168679113899

18 ImHallYall the Skirmisher (level 2, -5/26 HPs)
             Began as a Demigod Fighter on Apr 6, 2022.
             Slain by Natasha (8 damage)
             ... on level 2 of the Dungeon.
             The game lasted 00:02:32 (1047 turns).

ImHallYall the Skirmisher (Demigod Fighter)         Turns: 1047, Time: 00:02:32

Health: -5/26      AC:  6    Str: 17    XL:     2   Next: 33%
Magic:  4/4        EV:  9    Int: 10    God:
Gold:   51         SH:  4    Dex: 13    Spells: 1/1 levels left

rFire   . . .      SeeInvis .   a - +0 trident
rCold   . . .      Faith    .   c - +0 buckler
rNeg    . . .      Spirit   .   b - +0 scale mail
rPois   .          Reflect  .   (no helmet)
rElec   .          Harm     .   (no cloak)
rCorr   .          Rampage  .   (no gloves)
Will    .....                   (no boots)
Stlth   ..........              (no amulet)
HPRegen 0.08/turn               (no ring)
MPRegen 0.09/turn               (no ring)

@: slowed, very slow
A: high MP 1, forlorn, divine attributes
a: no special abilities


You were on level 2 of the Dungeon.
You visited 1 branch of the dungeon, and saw 2 of its levels.

You collected 51 gold pieces.

Inventory:

Hand Weapons
 a - a +0 trident (weapon)
Armour
 b - a +0 scale mail (worn)
 c - a +0 buckler (worn)
Scrolls
 e - 2 scrolls of identify {unknown}
 f - a scroll of fog {unknown}
 h - a scroll of blinking {unknown}
Potions
 d - a potion of might
 g - 2 potions of ambrosia {unknown}


   Skills:
 + Level 3.0 Fighting
 + Level 2.0 Polearms
 + Level 2.8 Armour
 + Level 0.4 Stealth
 + Level 2.8 Shields


You had one spell level left.
You didn't know any spells.
Your spell library was empty.

Dungeon Overview and Level Annotations

Branches:
Dungeon (2/15)

Annotations:
D:2 Natasha


Innate Abilities, Weirdness & Mutations

You have an increased reservoir of magic. (+10% MP)
You shall have no god before yourself.
Your divine heritage dramatically boosts your attributes as you level up.


Message History

Natasha stares at you and mumbles some strange words.
You resist with significant effort.
Natasha wildly gestures.
Natasha shimmers violently.
Natasha stares at you and mumbles some strange words.
You resist with significant effort.
You now have 51 gold pieces (gained 8).
You see here 14 gold pieces.
You block Natasha's attack.
You hit Natasha.
Natasha is lightly wounded.
Natasha mumbles some strange words.
You hit Natasha.
Natasha is lightly wounded.
Natasha barely misses you. Natasha casts a spell at you.
The magic dart hits you.
You hit Natasha but do no damage.
Natasha is lightly wounded.
Natasha casts a spell.
You puncture Natasha!
Natasha is heavily wounded.
Natasha claws you.
The shadow imp hits you but does no damage.
The white imp hits you but does no damage.
You closely miss Natasha.
Natasha is heavily wounded.
Natasha casts a spell at you.
You feel yourself slow down. The shadow imp gestures at you.
You barely resist.
The white imp hits you but does no damage.
You closely miss Natasha.
Natasha is heavily wounded.
Natasha claws you but does no damage. The shadow imp closely misses you.
The white imp gestures at you. The puff of frost hits you.
* * * LOW HITPOINT WARNING * * *
Natasha claws you!
You die...

### ..# #..
...# #.# #....
#.# #... #.#
#.#.##.#
#....5$#
#..#.#@#
#....5h###.###
#..#.#....h...
#......###....
######.# #.
#<# ###


You could see Natasha, a white imp (summoned) and a shadow imp (summoned).

Vanquished Creatures
  A bat (D:1)
  4 endoplasms
  A giant cockroach (D:1)
  3 goblins (D:1)
  3 ball pythons (D:1)
  A frilled lizard (D:1)
  3 rats (D:1)
16 creatures vanquished.

Notes
Turn   | Place    | Note
-------+----------+-------------------------------------------
     0 | D:1      | ImHallYall the Demigod Fighter began the quest for the Orb.
     0 | D:1      | Reached XP level 1. HP: 18/18 MP: 3/3
   294 | D:1      | Reached skill level 3 in Fighting
   416 | D:1      | Reached XP level 2. HP: 26/26 MP: 4/4
  1033 | D:2      | Noticed Natasha
  1047 | D:2      | Slain by Natasha

Illustrated notes

Levels and vault maps discovered:
D:1:      dpeg_arrival_round_b, layout_basic, grunt_decor_cap
D:2:      layout_basic, serial_glass, glass_columns_a, glass_columns_a,
          shapermc_ecumenical_altar_notcrosses, basic_altar,
          chequers_serial_rivers_micro_e, uniq_natasha, uniq_jessica

Skill      XL: |  1  2 |
---------------+-------+-----
Fighting       | 3 |  3.0
Polearms       | 2 |  2.0
Armour         | |  2.8
Stealth        | |  0.4
Shields        | |  2.8

Action                   || total
-------------------------++-------
Melee: Trident           ||    53
Armor: Scale mail        ||    25
Dodge: Dodged            ||    21
Block: Buckler           ||    19
